Map: Submarine LE

Players

uwuThermal (uThermal) - Winner!

  • Race: Terran Terran
  • Spawn Location: 5:00

SouLeer

  • Race: Zerg Zerg
  • League: Grandmaster
  • Spawn Location: 11:00

Event: DreamHack SC2 Masters 2020 Winter

VOD

Have the link to the VOD?

Description

Time

  • Played on: Oct. 30, 2020, 11:27 a.m.
  • Length: 9:40

All games in this series

Show
View Real Time Build Order
Export as new Build Order

uwuThermal Terran - Winner!

Build Orders: Reaper Expand, Hellion Banshee 

Get SALT Encoding   

  12  0:00  SCV  
  13  0:12  SCV  
  14  0:16  Supply Depot  
  14  0:24  SCV  
  15  0:38  SCV  
  15  0:39  Barracks  
  16  0:43  Refinery  
  16  0:50  SCV  
  17  1:02  SCV  
  18  1:14  SCV  
  19  1:26  Orbital Command, Reaper  
  20  1:38  Command Center  
  20  1:49  Supply Depot  
  20  1:52  SCV  
  21  1:58  Marine  
  22  2:04  SCV  
  22  2:07  Factory  
  23  2:13  Refinery  
  23  2:16  SCV  
  23  2:20  Barracks Reactor  
  24  2:28  SCV  
  25  2:41  SCV  
  26  2:53  Starport, SCV  
  26  2:56  Orbital Command  
  27  3:04  Barracks Tech Lab  
  27  3:05  SCV  
  28  3:06  Hellion x2  
  32  3:17  SCV  
  33  3:22  SCV  
  33  3:24  Supply Depot  
  34  3:27  Hellion x2  
  34  3:29  SCV  
  40  3:34  SCV  
  40  3:38  Cloaking Field, Banshee  
  43  3:41  SCV  
  43  3:47  SCV  
  45  3:50  Hellion x2  
  45  3:55  SCV  
  50  3:57  Supply Depot  
  50  4:00  SCV  
  49  4:07  SCV  
  49  4:12  SCV, Hellion x2  
  54  4:19  SCV  
  53  4:24  SCV  
  53  4:26  Command Center  
  53  4:27  Banshee  
  53  4:31  SCV  
  56  4:34  Supply Depot  
  56  4:36  SCV  
  57  4:39  Barracks Tech Lab  
  57  4:43  SCV  
  58  4:47  Factory Reactor  
  58  4:48  SCV  
  59  4:55  SCV  
  59  4:56  Barracks x2  
  59  4:58  Marine, Stimpack  
  61  5:00  SCV  
  62  5:07  SCV  
  62  5:13  SCV, Engineering Bay x2  
  64  5:18  Marine, Refinery  
  64  5:19  SCV  
  66  5:22  Starport Reactor  
  66  5:25  SCV  
  66  5:28  Barracks  
  67  5:29  Barracks  
  67  5:31  SCV  
  68  5:35  Marine  
  68  5:37  Siege Tank, SCV, Orbital Command  
  73  5:44  Terran Infantry Armor Level 1, Terran Infantry Weapons Level 1  
  73  5:45  Marine x2  
  73  5:47  SCV  
  76  5:52  Supply Depot  
  76  5:53  Marine  
  76  5:54  SCV  
  76  5:55  Refinery  
  78  5:57  Marine  
  78  5:59  SCV  
  78  6:01  Marine  
  78  6:02  Orbital Command  
  78  6:03  Marine  
  82  6:04  Medivac  
  82  6:08  SCV  
  85  6:12  Supply Depot  
  85  6:14  Medivac, Siege Tank  
  85  6:16  Supply Depot  
  85  6:17  SCV  
  91  6:20  Marine  
  91  6:21  SCV  
  91  6:22  Barracks Reactor  
  91  6:25  Barracks Reactor  
  93  6:26  Supply Depot  
  93  6:33  Marine x3, SCV x3  
  93  6:37  Marine  
  93  6:38  Marine  
  101  6:41  Supply Depot  
  101  6:43  Combat Shield, Supply Depot  
  101  6:45  SCV  
  101  6:46  SCV x2  
  104  6:50  Siege Tank  
  104  6:51  Marine x3  
  110  6:59  Marine  
  110  7:00  Armory, Marine x3  
  114  7:06  Marine  
  114  7:07  Supply Depot, Marine  
  116  7:08  Supply Depot, Medivac  
  116  7:09  Marine x3  
  121  7:16  Medivac  
  121  7:17  Marine  
  124  7:22  Marine  
  124  7:23  Marine, Barracks  
  124  7:24  Barracks  
  124  7:25  Marine  
  124  7:26  Barracks  
  127  7:32  Siege Tank  
  130  7:37  Marine  
  130  7:38  Marine x4  
  130  7:43  Missile Turret  
  135  7:44  Missile Turret  
  135  7:45  Marine  
  135  7:46  Marine, Supply Depot  
  135  7:47  Supply Depot, Missile Turret  
  137  7:53  Marine  
  137  7:54  Marine  
  139  8:06  Marine  
  139  8:08  Marine x3  
  139  8:09  Marine  
  139  8:10  Marine x3  
  139  8:11  Marine x2  
  149  8:15  Marine  
  148  8:20  Marine  
  148  8:21  Siege Tank  
  148  8:24  Marine  
  148  8:26  Marine  
  154  8:30  Marine  
  154  8:32  Medivac  
  154  8:33  Marine  
  152  8:35  Marine  
  152  8:39  Marine x2  
  152  8:40  Marine x2  
  157  8:41  Marine  
  157  8:43  Marine  
  157  8:44  Supply Depot  
  157  8:45  Supply Depot  
  157  8:46  Marine  
  157  8:48  Marine  
  157  8:50  Supply Depot, Medivac, Marine x2  
  157  8:52  Marine  
  157  8:53  Marine  
  164  8:57  Marine  
  165  9:05  Marine x4  
  165  9:06  Siege Tank, Medivac  
  165  9:07  Supply Depot x2, Marine  
  165  9:08  Marine  
  176  9:11  Marine  
  172  9:18  Marine  
  172  9:20  Marine  
  172  9:21  Marine  
  172  9:22  Marine x2  
  179  9:26  Supply Depot  
Show
View Real Time Build Order
Export as new Build Order

SouLeer Zerg 

Build Orders: Hatch First 

Get SALT Encoding   

  12  0:00  Drone  
  13  0:12  Overlord  
  13  0:16  Drone  
  14  0:30  Drone x2  
  16  0:48  Hatchery  
  15  0:51  Drone  
  15  0:54  Drone  
  17  0:58  Drone  
  18  1:09  Extractor  
  17  1:13  Spawning Pool  
  17  1:16  Drone  
  17  1:20  Drone  
  18  1:28  Drone  
  19  1:38  Drone  
  20  1:50  Overlord  
  20  2:01  Queen x2  
  20  2:02  Zergling x4  
  26  2:17  Hatchery  
  26  2:20  Drone  
  26  2:26  Drone x2  
  28  2:36  Drone  
  28  2:42  Queen  
  28  2:44  Drone x2  
  31  2:50  Drone x2  
  32  2:58  Metabolic Boost  
  32  2:59  Spore Crawler  
  32  3:01  Drone  
  33  3:08  Drone x3  
  33  3:12  Spore Crawler  
  35  3:16  Drone  
  35  3:17  Drone  
  37  3:20  Overlord  
  37  3:22  Extractor  
  36  3:27  Roach Warren  
  36  3:31  Drone  
  36  3:32  Drone x2  
  38  3:35  Zergling x2  
  38  3:37  Zergling x2  
  38  3:40  Zergling x4  
  41  3:43  Zergling x2  
  42  3:49  Spore Crawler  
  42  3:51  Drone x2  
  43  3:57  Drone  
  42  4:04  Drone x2  
  42  4:06  Drone  
  42  4:07  Drone  
  42  4:09  Zergling x4  
  46  4:20  Drone x2  
  46  4:21  Drone  
  47  4:27  Drone  
  47  4:30  Drone  
  49  4:34  Spore Crawler  
  49  4:36  Spore Crawler  
  49  4:38  Spore Crawler  
  46  4:42  Drone x2  
  46  4:45  Drone  
  49  4:48  Spore Crawler  
  49  4:49  Drone  
  49  4:53  Overlord  
  49  4:55  Overlord  
  49  5:04  Overlord  
  49  5:13  Drone x3  
  52  5:14  Drone x5  
  52  5:15  Drone x2  
  52  5:20  Drone x2  
  61  5:25  Lair  
  61  5:27  Baneling Nest  
  60  5:31  Drone x3  
  60  5:33  Overlord  
  63  5:38  Queen  
  63  5:40  Drone  
  63  5:41  Drone  
  66  5:44  Overlord  
  65  5:50  Drone x2  
  65  5:53  Drone x4  
  71  5:59  Drone  
  71  6:00  Evolution Chamber  
  71  6:01  Evolution Chamber  
  71  6:03  Drone x2  
  69  6:05  Drone x2  
  69  6:08  Drone  
  69  6:11  Drone x3  
  75  6:15  Drone x2  
  77  6:18  Extractor  
  77  6:21  Drone, Extractor  
  76  6:27  Overlord  
  76  6:32  Centrifical Hooks  
  76  6:33  Zerg Melee Weapons Level 1  
  76  6:35  Zerg Ground Armor Level 1  
  76  6:37  Hatchery  
  76  6:39  Zergling x6  
  79  6:40  Zergling x2  
  79  6:44  Zergling x8  
  83  6:47  Zergling x6  
  83  6:50  Overlord  
  83  6:51  Overseer  
  83  6:53  Zergling x4  
  88  6:56  Zergling x4  
  88  6:57  Zergling x4  
  88  7:00  Zergling x6  
  95  7:02  Zergling x2  
  95  7:04  Overlord  
  96  7:08  Queen  
  96  7:11  Zergling x2  
  96  7:14  Extractor, Zergling x2  
  96  7:15  Spire, Zergling x2  
  99  7:18  Zergling x6  
  99  7:21  Zergling x4  
  99  7:22  Zergling x2  
  106  7:25  Zergling x4  
  106  7:29  Overlord x4  
  109  7:34  Overlord  
  109  7:38  Baneling x8  
  109  7:47  Baneling x6  
  109  7:49  Zergling x16  
  116  7:53  Zergling x2  
  116  7:55  Zergling x6  
  116  7:58  Zergling x10  
  125  8:01  Zergling x2  
  126  8:06  Zergling x2  
  126  8:08  Baneling x3  
  126  8:09  Queen  
  126  8:10  Zergling x4  
  131  8:17  Zergling x10  
  130  8:20  Zergling x2  
  130  8:23  Zergling x2  
  130  8:24  Zergling x6  
  124  8:27  Zergling x6  
  124  8:28  Zergling x2  
  124  8:31  Zergling x6  
  124  8:32  Zergling x2  
  105  8:38  Zergling x6  
  107  8:42  Zergling x6  
  107  8:44  Zergling x4  
  107  8:46  Baneling x6  
  110  8:51  Zergling x4  
  110  8:52  Baneling  
  110  8:53  Baneling x4  
  110  8:54  Zergling x2  
  110  8:55  Zergling x2  
  113  9:00  Zergling x2  
  113  9:01  Zergling x8  
  113  9:02  Baneling x2  
  116  9:10  Zergling x2  
  116  9:11  Zergling x6  
  114  9:17  Zergling x8  
  114  9:18  Zergling x4  
  114  9:22  Zergling x2  
  114  9:23  Zergling x8  
Tags
 
Add a new tag
Caveats
  • Supply blocks, unpowered buildings, or Contaminate may cause inaccurate times.
  • Supply counts are checked every 10 seconds.